 Dungeon Crawl Stone Soup version 0.30-a0-305-g026cb31310 (webtiles) character file.

Game seed: 4377833942852363810

45 Jhsd the Vexing (level 3, -1/16 HPs)
             Began as a Spriggan Enchanter on Oct 22, 2022.
             Slain by a kobold
             ... wielding a +2 mace of protection
              (7 damage)
             ... on level 2 of the Dungeon.
             The game lasted 00:03:06 (945 turns).

Jhsd the Vexing (Spriggan Enchanter)                 Turns: 945, Time: 00:03:07

Health: -1/16      AC:  3    Str:  6    XL:     3   Next: 42%
Magic:  7/9        EV: 17    Int: 16    God:
Gold:   97         SH:  0    Dex: 15    Spells: 1/9 levels left

rFire   . . .      SeeInvis +    a - +1 dagger
rCold   . . .      Faith    .    (no shield)
rNeg    . . .      Spirit   .    b - +0 robe
rPois   .          Reflect  .    (helmet restricted)
rElec   .          Harm     .    e - +0 cloak
rCorr   .          Rampage  .    (gloves unavailable)
Will    .....                    (boots unavailable)
Stlth   +++.......               (no amulet)
HPRegen 0.22/turn                (no ring)
MPRegen 0.11/turn                (no ring)

@: very quick
A: very small, no large weapons, unfitting armour, see invisible, speed 3
a: no special abilities


You were on level 2 of the Dungeon.
You visited 1 branch of the dungeon, and saw 2 of its levels.

You collected 97 gold pieces.

Inventory:

Hand Weapons
 a - a +1 dagger (weapon)
Missiles
 i - 2 throwing nets (quivered)
Armour
 b - a +0 robe (worn)
 e - a +0 cloak (worn)
Scrolls
 g - a scroll of blinking
Potions
 c - 2 potions of invisibility
 d - 2 potions of curing
 f - a potion of heal wounds {unknown}


   Skills:
 - Level 1.1 Short Blades
 - Level 2.6 Dodging
 - Level 4.4 Stealth
 + Level 3.9 Spellcasting
 + Level 4.6 Hexes


You had one spell level left.
You knew the following spells:

 Your Spells              Type           Power      Damage    Failure   Level
a - Ensorcelled Hibernat  Hex/Ice        20%        N/A       10%         2
b - Tukima's Dance        Hex            18%        N/A       8%          3
d - Confusing Touch       Hex            18%        N/A       8%          3

Your spell library contained the following spells:

 Spells                   Type           Power      Damage    Failure   Level
 Dazzling Flash           Conj/Hex       20%        N/A       21%         3


Dungeon Overview and Level Annotations

Branches:
Dungeon (2/15)

Altars:


Innate Abilities, Weirdness & Mutations

You are very small and have problems with some larger weapons.
You are too small for most types of armour.
You have supernaturally acute eyesight. (SInv)
You cover ground extremely quickly. (Speed+++)


Message History

Press: ? - help, Shift-Dir - straight line, f/p - kobold
Aim: a kobold, wielding a +2 mace of protection (chance to affect: 62%)
You miscast Ensorcelled Hibernation.
You are very lightly contaminated with residual magic.
Nothing appears to happen.
The kobold hits you with a +2 mace of protection.
Casting: Ensorcelled Hibernation (safe; 10% risk of failure)
Confirm with . or Enter, or press ? or * to list all spells.
Aiming: Ensorcelled Hibernation (safe; 10% risk of failure)
Press: ? - help, Shift-Dir - straight line, f/p - kobold
Aim: a kobold, wielding a +2 mace of protection (chance to affect: 62%)
The kobold resists with significant effort.
Casting: Ensorcelled Hibernation (safe; 10% risk of failure)
Confirm with . or Enter, or press ? or * to list all spells.
Aiming: Ensorcelled Hibernation (safe; 10% risk of failure)
Press: ? - help, Shift-Dir - straight line, f/p - kobold
Aim: a kobold, wielding a +2 mace of protection (chance to affect: 62%)
The kobold resists with significant effort.
The kobold closely misses you.
Your magical contamination has completely faded away.
There is a stone staircase leading up here.
You climb upwards.
There is a stone staircase leading down here.
You start resting.
Magic restored.
You climb downwards.
The kobold hits you with a +2 mace of protection.
The kobold hits you with a +2 mace of protection!
There is a stone staircase leading up here.
Unknown command.
Unknown command.
Casting: Ensorcelled Hibernation (safe; 10% risk of failure)
Confirm with . or Enter, or press ? or * to list all spells.
Aiming: Ensorcelled Hibernation (safe; 10% risk of failure)
Press: ? - help, Shift-Dir - straight line, f - kobold
Aim: a kobold, wielding a +2 mace of protection (chance to affect: 62%)
The kobold looks drowsy...
You are too injured to fight recklessly!
The kobold hits you with a +2 mace of protection!
You die...

.....
......#########
..............#
......#######.#
##... #..†..#.#
#.. #.#...#.#
#. #.#.[<#.# #
#.#.#.#.#
#..@K.#.#
#.#####.#
#.......#
#########


You could see a kobold.

Vanquished Creatures
  A gnoll (D:1)
  4 ball pythons
  3 bats (D:1)
  7 giant cockroaches (D:1)
  3 hobgoblins (D:1)
  8 jackals (D:1)
  A quokka (D:2)
  A frilled lizard (D:1)
  A kobold (D:1)
  A rat (D:1)
30 creatures vanquished.

Vanquished Creatures (others)
  A fungus (D:1)
1 creature vanquished.

Grand Total: 31 creatures vanquished

Notes
Turn   | Place    | Note
-------+----------+-------------------------------------------
     0 | D:1      | Jhsd the Spriggan Enchanter began the quest for the Orb.
     0 | D:1      | Reached XP level 1. HP: 9/9 MP: 5/5
   175 | D:1      | Reached XP level 2. HP: 13/13 MP: 7/7
   178 | D:1      | Learned a level 2 spell: Ensorcelled Hibernation
   332 | D:1      | Reached XP level 3. HP: 9/16 MP: 9/9
   534 | D:1      | Learned a level 3 spell: Tukima's Dance
   538 | D:1      | Learned a level 3 spell: Confusing Touch
   945 | D:2      | Slain by a kobold

Illustrated notes

Levels and vault maps discovered:
D:1:      lemuel_arrival_muddy, layout_basic, serial_curves, eino_curves_02,
          eino_curves_04
D:2:      layout_basic, serial_aquarium, aquarium_bridge_square
          [aquarium_subvault_bridge, aquarium_subvault_wall,
          aquarium_subvault_bridge, aquarium_subvault_bridge],
          aquarium_window_1, aquarium_window_1, aquarium_window_1,
          aquarium_window_1, aquarium_view_2d, aquarium_view_2a, aquarium_pool_1

Skill      XL: |  1 |
---------------+----+-----
Spellcasting   | 3 |  3.9
Hexes          | 4 |  4.6
Short Blades   | |  1.1
Dodging        | |  2.6
Stealth        | |  4.4

Action                   || total
-------------------------++-------
Melee: Dagger            ||   116
       Punch             ||     1
 Cast: Ensorcelled Hiber ||    10
  Use: Scroll            ||     3
 Stab: Sleeping          ||    11
Armor: Robe              ||    16
Dodge: Dodged            ||    91

Table legend: (Time is in decaauts)
 A = Elapsed time spent in this place.
 B = Non-inter-level travel time spent in this place.
 C = Inter-level travel time spent in this place.
 D = Time resting spent in this place.
 E = Time spent auto-exploring this place.
 F = Levels seen in this place.
 G = Mean time per level.
                   A        B        C        D        E       F      G
               +--------+--------+--------+--------+--------+-----+--------+
         Total |    709 |    705 |      4 |     68 |    386 |   2 |  354.5 |
       Dungeon |    709 |    705 |      4 |     68 |    386 |   2 |  354.5 |
               +--------+--------+--------+--------+--------+-----+--------+

Top non-repeatable levels by time:
     D:1: 607 daAuts
     D:2: 101 daAuts
